 Dungeon Crawl Stone Soup version 0.31.0-11-ge490571c62 (webtiles) character file.

Game seed: 1754970912979583110

114 qw the Skirmisher (level 4, -2/25 HPs)
             Began as a Deep Elf Hunter on Feb 3, 2024.
             Incinerated by a bombardier beetle (4 damage)
             ... with a burning spray
             ... on level 3 of the Dungeon.
             The game lasted 00:00:06 (1860 turns).

qw the Skirmisher (Deep Elf Hunter)                 Turns: 1860, Time: 00:00:06

Health: -2/25      AC:  5    Str: 10    XL:     4   Next: 66%
Magic:  6/6        EV: 11    Int: 14    God:
Gold:   76         SH:  0    Dex: 18    Spells: 3/3 levels left

rFire   . . .        a - +0 shortbow
rCold   . . .        (shield currently unavailable)
rNeg    . . .        i - +0 ring mail
rPois   .            (no helmet)
rElec   .            (no cloak)
rCorr   .            (no gloves)
SInv    .            (no boots)
Will    .....        (no amulet)
Stlth   +            (no ring)
HPRegen 0.24/turn    (no ring)
MPRegen 0.10/turn

%: no passive effects
@: on fire, about to teleport, glowing
A: no striking features
a: no special abilities


You were on level 3 of the Dungeon.
You visited 1 branch of the dungeon, and saw 3 of its levels.

You collected 76 gold pieces.


   Skills:
 - Level 1.5 Fighting
 + Level 8.1 Ranged Weapons
 - Level 2.4 Dodging
 - Level 1.2 Stealth


You had 3 spell levels left.
You didn't know any spells.
Your spell library was empty.

Inventory:

Hand Weapons
 a - a +0 shortbow (weapon)
Armour
 i - a +0 ring mail (worn)
Scrolls
 g - a scroll of teleportation
Potions
 b - a potion of ambrosia {unknown}
 f - a potion of mutation {unknown}
 h - a potion of curing {unknown}

Dungeon Overview and Level Annotations

Branches:
Dungeon (3/15)

Altars:


Message History

Things that are here:
a +0 short sword; a +0 leather armour; an orc corpse An orc comes into view.
It is wielding a +0 falchion.
The orc shouts!
You shoot an arrow. The arrow completely misses the orc.
You shoot an arrow. The arrow hits the orc.
The orc is heavily wounded.
You shoot an arrow. The arrow hits the orc.
The orc is almost dead.
You shoot an arrow. The arrow barely misses the orc.
You shoot an arrow.
The arrow hits the orc but does no damage.
The orc is almost dead.
You shoot an arrow. The arrow hits the orc!
You kill the orc!
Things that are here:
a +0 falchion; a +0 scale mail; an orc corpse You now have 76 gold pieces (gained 6).
A bombardier beetle comes into view.
The bombardier beetle sprays incendiary fluid at you.
The burning spray hits you.
You are covered in liquid fire!
You shoot an arrow.
The arrow hits the bombardier beetle but does no damage.
The liquid fire burns you!
You are on fire!
The liquid fire burns you!
You are on fire!
The liquid fire burns you!
You shoot an arrow.
The arrow closely misses the bombardier beetle.
The liquid fire burns you!
You shoot an arrow. The arrow hits the bombardier beetle!
The bombardier beetle is heavily wounded.
The liquid fire burns you!
1860 ||| READING 2 scrolls of teleportation.
As you read the scroll of teleportation, it crumbles to dust.
You feel strangely unstable. The liquid fire burns you!
You die...

#. #. #.
.. #. #B
#.#######
#.@.....#
#######.#
#.# #.#
#.# #.#
#.#
########.#
#.)......#


You could see a bombardier beetle.

Vanquished Creatures
  8 adders (D:2)
  A dart slug (D:1)
  2 orcs (D:3)
  4 endoplasms (D:2)
  3 giant cockroaches (D:2)
  3 goblins
  4 hobgoblins
  2 quokkas
  7 ball pythons (D:2)
  2 bats
  3 kobolds
39 creatures vanquished.

Notes
Turn   | Place    | Note
-------+----------+-------------------------------------------
     0 | D:1      | qw the Deep Elf Hunter began the quest for the Orb.
     0 | D:1      | Reached XP level 1. HP: 12/12 MP: 3/3
     0 | D:1      | 0 ||| qw: Version: 0.3-a-157-g843a77d
     0 | D:1      | 0 ||| qw: Game counter: 3623
     0 | D:1      | 0 ||| qw: Melee chars always use a shield: true
     0 | D:1      | 0 ||| qw: God list: Okawaru
     0 | D:1      | 0 ||| qw: Allow faded altars: false
     0 | D:1      | 0 ||| qw: Do Orc after clearing Dungeon:15 true
     0 | D:1      | 0 ||| qw: Do second Lair branch before Depths: true
     0 | D:1      | 0 ||| qw: Lair rune preference: random
     0 | D:1      | 0 ||| qw: Goals: Normal
     0 | D:1      | 0 ||| PLANNING D:1-11
   654 | D:1      | Reached XP level 2. HP: 16/16 MP: 4/4
   655 | D:1      | Reached skill level 6 in Ranged Weapons
   858 | D:1      | 858 ||| READING scroll labelled ROSMA SENOS.
   858 | D:1      | 858 ||| IDENTIFYING fizzy red potion
   859 | D:1      | 859 ||| READING 2 scrolls labelled LOUPSEU SELULU.
   864 | D:1      | 864 ||| READING scroll labelled EFAERA NOTEC.
   865 | D:1      | 865 ||| DROPPING scroll of butterflies.
   866 | D:1      | 866 ||| DROPPING potion of brilliance.
   993 | D:2      | Reached XP level 3. HP: 20/20 MP: 5/5
  1108 | D:2      | Reached skill level 7 in Ranged Weapons
  1216 | D:2      | Reached XP level 4. HP: 15/25 MP: 6/6
  1498 | D:2      | Reached skill level 8 in Ranged Weapons
  1586 | D:2      | Found a faded altar of an unknown god.
  1734 | D:2      | 1734 ||| UPGRADING to +0 ring mail.
  1744 | D:2      | 1744 ||| DROPPING +0 leather armour.
  1745 | D:2      | 1745 ||| READING 2 scrolls labelled LUBRUQ ERCHAMN.
  1746 | D:2      | 1746 ||| DRINKING 2 dark potions.
  1747 | D:2      | 1747 ||| DROPPING potion of invisibility.
  1748 | D:2      | 1748 ||| DROPPING scroll of revelation.
  1859 | D:3      | HP: 1/25 [burnt (7)]
  1860 | D:3      | 1860 ||| READING 2 scrolls of teleportation.
  1860 | D:3      | Incinerated by a bombardier beetle

Levels and vault maps discovered:
D:1:      erik_arrival_cave_to_civilisation [erik_arrival_cave_to_hall],
          layout_loops_corners
D:2:      layout_basic, ebering_ecumenical_altar_hall, minmay_snake_closets
D:3:      layout_basic, mainiacjoe_overflow_paths, elyvilon_altar_5

Skill      XL: |  1  2  3  4 |
---------------+-------------+-----
Ranged Weapons | 6 7 8 |  8.1
Fighting       | |  1.5
Dodging        | |  2.4
Stealth        | |  1.2

Action                     |  1- 3 |  4- 6 || total
---------------------------+-------+-------++-------
   Fire: Shortbow          |    98 |    32 ||   130
    Use: Scroll            |     3 |     2 ||     5
         Potion            |       |     1 ||     1
 Armour: Leather armour    |    21 |     4 ||    25
  Dodge: Dodged            |    42 |     3 ||    45

Table legend:
 A = Non-vault XP
 B = Vault XP
 C = Vault XP percentage of total XP
 D = Non-vault monster count
 E = Vault monster count
 F = Vault count percentage of total count
                 A         B        C        D         E       F
            +---------+---------+-------+---------+---------+-------
      Total |     101 |      62 |  38.0 |      28 |      11 |  28.2
            +---------+---------+-------+---------+---------+-------
        D:1 |      16 |       0 |   0.0 |       8 |       0 |   0.0
        D:2 |      79 |      62 |  44.0 |      18 |      11 |  37.9
        D:3 |       6 |       0 |   0.0 |       2 |       0 |   0.0
            +---------+---------+-------+---------+---------+-------
